 Dungeon Crawl Stone Soup version 0.18.1-50-g88ac8fd (console) character file.

121 Kloppie the Chopper (level 5, -4/70 HPs)
             Began as a Hill Orc Berserker on Oct 26, 2016.
             Was a Priest of Trog.
             Slain by an orc
             ... wielding a +0 hand axe of electrocution
              (19 damage)
             ... on level 3 of the Dungeon.
             The game lasted 00:02:55 (1706 turns).

Kloppie the Chopper (Hill Orc Berserker)            Turns: 1706, Time: 00:02:55

Health: -4/70      AC: 12    Str: 25    XL:     5   Next: 5%
Magic:  5/5        EV:  7    Int:  7    God:    Trog [***...]
Gold:   162        SH:  0    Dex: 11    Spells: 0 memorised, 4 levels left

rFire  . . .     SeeInvis .     a - +0 hand axe
rCold  . . .     Gourm    .     u - +0 plate armour
rNeg   . . .     Faith    .     (no shield)
rPois  .         Spirit   .     f - +0 helmet
rElec  .         Dismiss  .     (no cloak)
rCorr  .         Reflect  .     (no gloves)
SustAt .         Harm     .     (no boots)
MR     .....                    (no amulet)
Stlth  ..........               (no ring)
                                (no ring)

@: berserking, very quick, not resistant to hostile enchantments, extremely
unstealthy
A: no striking features
a: Berserk, Trog's Hand, Burn Spellbooks, Renounce Religion, Convert to Beogh


You were on level 3 of the Dungeon.
You worshipped Trog.
Trog was most pleased with you.
You were not hungry.

You visited 1 branch of the dungeon, and saw 3 of its levels.

You collected 162 gold pieces.

Inventory:

Hand Weapons
 a - a +0 hand axe (weapon)
Armour
 f - a +0 helmet (worn)
 u - a +0 plate armour (worn)
Wands
 l - a wand of lightning (5/15)
Scrolls
 b - 2 scrolls of teleportation {unknown}
 h - a scroll of amnesia {unknown}
 i - 4 scrolls of identify {unknown}
 k - a scroll of noise {unknown}
 p - a scroll of fear {unknown}
 q - a scroll of remove curse {unknown}
 s - a scroll of enchant armour {unknown}
 t - a scroll of immolation {unknown}
Potions
 d - a potion of mutation {unknown}
 e - 2 potions of heal wounds {unknown}
 j - 2 potions of curing {unknown}
 m - 2 potions of cancellation {unknown}
 n - a potion of ambrosia {unknown}
 r - a potion of haste {unknown}
Comestibles
 c - 2 bread rations
 g - a chunk of flesh
 o - a meat ration


   Skills:
 + Level 4.9 Fighting
 + Level 5.6 Axes
 + Level 3.2 Armour
 - Level 1.5 Dodging


You had 4 spell levels left.
You didn't know any spells.

Dungeon Overview and Level Annotations

Branches:
Dungeon (3/15)

Altars:


Message History

* * * LOW HITPOINT WARNING * * *
A red film seems to cover your vision as you go berserk!
You feel yourself moving faster!
You feel mighty!
You feel somewhat more hungry.
The orc priest miscasts a cantrip.
The orc barely misses you.
You closely miss the orc.
The orc is lightly wounded.
You hit the orc.
The orc is heavily wounded.
The orc hits you with a hand axe.
* * * LOW HITPOINT WARNING * * *
You barely miss the orc.
The orc is heavily wounded.
Some of the chunks of flesh in your inventory have rotted away.
You slash the orc!
You kill the orc!
Trog accepts your kill. The orc hits you but does no damage.
You are electrocuted!
You die...

.# #....## .# ##.....## .#
#.......## ## ........) .......#
#.....# #o)..# #####. #o# ......
#@# ###### #.# #.# #.# ### #.#
#.. #.# #.# ### #.## #.# )รท#
#..## #####.#
#.##############...######.....###


You could see an orc priest and an orc.

Vanquished Creatures
  3 adders
  An ooze (D:1)
  2 dart slugs
  2 giant geckos (D:1)
  6 orcs (D:3)
  5 bats
  3 giant cockroaches
  6 goblins
  6 hobgoblins
  15 jackals
  9 kobolds
  6 giant newts
  8 rats
72 creatures vanquished.

Notes
Turn   | Place    | Note
--------------------------------------------------------------
     0 | D:1      | Kloppie the Hill Orc Berserker began the quest for the Orb.
     0 | D:1      | Reached XP level 1. HP: 19/19 MP: 1/1
   314 | D:1      | Reached XP level 2. HP: 27/27 MP: 2/2
   583 | D:1      | Reached ** piety under Trog
   583 | D:1      | Reached XP level 3. HP: 29/33 MP: 3/3
   735 | D:2      | Reached skill level 5 in Axes
  1105 | D:2      | Reached XP level 4. HP: 36/41 MP: 4/4
  1322 | D:3      | Reached *** piety under Trog
  1691 | D:3      | Reached XP level 5. HP: 33/47 MP: 5/5
  1706 | D:3      | Slain by an orc

Skill      XL: |  1  2  3  4 |
---------------+-------------+-----
Fighting       | 4 |  4.9
Axes           | 5 |  5.6
Armour         | 3 |  3.2
Dodging        | |  1.5

Action                   |  1- 3 |  4- 6 || total
-------------------------+-------+-------++-------
Melee: Hand axe          |   112 |   125 ||   237
Invok: Berserk           |     1 |     1 ||     2
  Eat: Chunk             |     2 |     2 ||     4
Armor: Animal skin       |     8 |       ||     8
       Ring mail         |    15 |       ||    15
       Chain mail        |    28 |    72 ||   100
       Plate armour      |       |     6 ||     6
Dodge: Dodged            |    54 |    46 ||   100
